 Dungeon Crawl Stone Soup version 0.24-a0-500-g46574c2197 (webtiles) character file.

Game seed: 9559786932771887146

208 Mithandil the Conjurer (level 5, -1/28 HPs)
             Began as a Deep Elf Conjurer on July 15, 2019.
             Was a Follower of Vehumet.
             Slain by a worker ant (3 damage)
             ... on level 4 of the Dungeon.
             The game lasted 00:22:28 (3741 turns).

Mithandil the Conjurer (Deep Elf Conjurer)          Turns: 3741, Time: 00:22:29

Health: -1/28      AC:  4    Str:  6    XL:     5   Next: 55%
Magic:  7/14       EV: 12    Int: 20    God:    Vehumet [*.....]
Gold:   138        SH:  0    Dex: 15    Spells: 0/14 levels left

rFire    + . .     SeeInvis .   a - +0 dagger
rCold    + . .     Gourm    .   (no shield)
rNeg     . . .     Faith    .   x - +0 leather armour
rPois    .         Spirit   .   t - +0 helmet
rElec    .         Reflect  .   q - scarf {rC+ rF+}
rCorr    .         Harm     .   (no gloves)
MR       .....                  (no boots)
Stlth    ++........             (no amulet)
HPRegen  0.09/turn              (no ring)
MPRegen  0.14/turn              (no ring)

@: lethally poisoned (-1 -> -15)
A: no striking features
a: Renounce Religion


You were on level 4 of the Dungeon.
You worshipped Vehumet.
Vehumet was aware of your devotion.
You were not hungry.

You visited 1 branch of the dungeon, and saw 5 of its levels.

You collected 138 gold pieces.

Inventory:

Hand Weapons
 a - a +0 dagger (weapon)
 b - a +0 short sword
 j - a cursed -2 short sword
 w - a +4 mace
Missiles
 d - 11 boomerangs (quivered)
 f - 104 stones
 i - 73 arrows
Armour
 q - a scarf of resistance (worn)
 t - a +0 helmet (worn)
 x - a +0 leather armour (worn)
Wands
 h - a wand of iceblast (7)
Scrolls
 k - a scroll of fear {unknown}
 l - a scroll of identify
 m - a scroll of remove curse {unknown}
 n - a scroll of enchant weapon {unknown}
 r - a scroll of amnesia {unknown}
Potions
 e - a potion of heal wounds {unknown}
 g - 2 potions of curing {unknown}
 o - 2 potions of lignification {unknown}
 p - a potion of berserk rage {unknown}
 s - a potion of mutation {unknown}
 v - a potion of cancellation
Comestibles
 c - 3 rations


   Skills:
 - Level 2.4 Dodging
 + Level 4.1 Stealth
 * Level 5.4 Spellcasting
 * Level 5.8 Conjurations


You couldn't memorise any spells.
You knew the following spells:

 Your Spells              Type           Power        Failure   Level  Hunger
a - Magic Dart            Conj           ####         1%          1    None
b - Searing Ray           Conj           ####..       2%          2    None
c - Force Lance           Conj/Tloc      ###.....     45%         4    ####...
e - Iskenderun's Mystic   Conj           ####....     16%         4    ####...
s - Dazzling Spray        Conj/Hex       ###...       16%         3    ##.....

Your spell library contained the following spells:

 Spells                   Type           Power        Failure   Level  Hunger
 Flame Tongue             Conj/Fire      ###..        5%          1    None
 Fulminant Prism          Conj/Hex       ###.......   45%         4    ####...


Dungeon Overview and Level Annotations

Branches:
Dungeon (5/15)
 Temple: D:4-7

Altars:
Ashenzari
Ru
Sif Muna
Vehumet
Zin


Message History

Press: ? - help, Shift-Dir - straight line, f/p - worker ant
Aim: a worker ant (almost dead)
The magic dart hits the worker ant but does no damage.
The worker ant is almost dead.
You feel sick.
The worker ant waves its antennae.
The worker ant bites you.
* * * LOW HITPOINT WARNING * * *
The adder barely misses you.
As you read the scroll of teleportation, it crumbles to dust.
You feel strangely unstable.
* * * LOW HITPOINT WARNING * * *
You feel sick. The adder bites you but does no damage.
The worker ant barely misses you.
It was a potion of cancellation.
You feel strangely stable.
You feel magically purged.
* * * LOW HITPOINT WARNING * * *
You feel sick. The adder barely misses you. The worker ant bites you.
You die...

######## ##########......#
........#......#
(......#......# ....!
#......# ...###......#
##a##........#
...##S@.#........#
.........#........# ###
.........'........# ...
.........#........# ..#
###+#######........#
..#######....###......######
........#......+......#
........#...>..#......#
..##....#......#......#


You could see a worker ant and an adder.

Vanquished Creatures
  Blork the orc (D:3)
  Terence (D:3)
  A gnoll (D:1)
  2 adders
  An ooze (D:2)
  3 dart slugs
  2 leopard geckos
  4 orcs (D:3)
  11 bats
  4 giant cockroaches
  7 goblins
  6 hobgoblins
  13 kobolds
  A ball python (D:2)
  4 frilled lizards
  A leopard gecko skeleton (D:4)
  10 rats
72 creatures vanquished.

Notes
Turn   | Place    | Note
-------+----------+-------------------------------------------
     0 | D:1      | Mithandil the Deep Elf Conjurer began the quest for the
                  | Orb.
     0 | D:1      | Reached XP level 1. HP: 10/10 MP: 6/6
    94 | D:1      | Reached XP level 2. HP: 13/15 MP: 0/8
   482 | D:1      | Reached XP level 3. HP: 19/19 MP: 6/10
   755 | D:2      | Found a radiant altar of Vehumet.
  1113 | D:2      | Became a worshipper of Vehumet
  1193 | D:2      | Reached skill level 5 in Conjurations
  1631 | D:2      | Found a sacrificial altar of Ru.
  1699 | D:2      | Learned a level 2 spell: Searing Ray
  2102 | D:3      | Reached XP level 4. HP: 24/24 MP: 8/12
  2108 | D:3      | Learned a level 4 spell: Force Lance
  2113 | D:3      | Learned a level 4 spell: Iskenderun's Mystic Blast
  2114 | D:3      | Found a shattered altar of Ashenzari.
  2185 | D:3      | Found a glowing silver altar of Zin.
  2282 | D:3      | Noticed Blork the orc
  2292 | D:3      | Killed Blork the orc
  2292 | D:3      | Reached skill level 5 in Spellcasting
  2292 | D:3      | Reached XP level 5. HP: 15/28 MP: 4/14
  2297 | D:3      | Learned a level 3 spell: Dazzling Spray
  2301 | D:3      | Found a deep blue altar of Sif Muna.
  2488 | D:3      | Noticed Terence
  2496 | D:3      | Killed Terence
  3284 | D:5      | Entered Level 5 of the Dungeon
  3328 | D:3      | Reached * piety under Vehumet
  3328 | D:3      | Offered knowledge of Flame Tongue by Vehumet.
  3741 | D:4      | Slain by a worker ant

Levels and vault maps discovered:
D:1:      minmay_arrival_solitary_statue, layout_loops_ring
D:2:      layout_basic, vehumet_crystals, nicolae_ru_path_of_blood
D:3:      layout_basic, tgw_sif, lemuel_doored_altar, first_ration,
          minmay_hedge_maze, evilmike_ruin_ashenzari, uniq_terence
D:4:      layout_gridville, nicolae_overflow_crystal_walls,
          minmay_temple_entry_nine_rooms, serial_shops, nicolae_shop_waterfront
D:5:      layout_loops_ring, kennysheep_mini_moat, serial_shops, shop,
          chequers_serial_rivers_small_b

Skill      XL: |  1  2  3  4  5 |
---------------+----------------+-----
Stealth        | 3 4 |  4.1
Spellcasting   | 4 5 |  5.4
Conjurations   | 5 |  5.8
Dodging        | |  2.4

Action                   |  1- 3 |  4- 6 || total
-------------------------+-------+-------++-------
Melee: Unarmed           |     5 |       ||     5
       Club              |     4 |       ||     4
       Dagger            |    14 |     1 ||    15
 Cast: Magic Dart        |    91 |    68 ||   159
  Use: Scroll            |     1 |     3 ||     4
       Potion            |       |     1 ||     1
  Eat: Chunk             |     2 |       ||     2
       Ration            |     1 |     1 ||     2
Armor: Robe              |     9 |     3 ||    12
       Leather armour    |       |     3 ||     3
Dodge: Dodged            |    31 |    38 ||    69

Table legend:
 A = Non-vault XP
 B = Vault XP
 C = Vault XP percentage of total XP
 D = Non-vault monster count
 E = Vault monster count
 F = Vault count percentage of total count
                 A         B        C        D         E       F
            +---------+---------+-------+---------+---------+-------
      Total |     162 |     136 |  45.6 |      70 |       2 |   2.8
            +---------+---------+-------+---------+---------+-------
        D:1 |      57 |       0 |   0.0 |      27 |       0 |   0.0
        D:2 |      31 |       0 |   0.0 |      17 |       0 |   0.0
        D:3 |      51 |     136 |  72.7 |      21 |       2 |   8.7
        D:4 |      23 |       0 |   0.0 |       5 |       0 |   0.0
            +---------+---------+-------+---------+---------+-------
